| TOP OF THE 1ST |
|
New York Mets batting - Pitching for Philadelphia Phillies : RHP Buzz Capra
|
|
Pitching: RHP Buzz Capra
|
|
|
Batting: LHB Lyman Bostock
|
0-0: Ball 1-0: Foul Ball, location: 2F 1-1: Ball 2-1: Swinging Strike 2-2: Ground out 6-3 (Groundball, 6, EV 88.1 MPH)
|
|
Batting: RHB Ray Knight
|
0-0: Called Strike 0-1: Called Strike 0-2: Ground out 4-3 (Groundball, 34D, EV 78.1 MPH)
|
|
Batting: LHB John Kruk
|
0-0: Called Strike 0-1: Ball 1-1: Ball 2-1: TRIPLE (Line Drive, 9LD, EV 97.5 MPH)
|
|
Batting: SHB Ken Singleton
|
0-0: Ball 1-0: Ball 2-0: Ball 3-0: Base on Balls
|
|
Batting: RHB Garry Maddox
|
0-0: SINGLE (Groundball, 6MD, EV 105.0 MPH) John Kruk scores Ken Singleton to second Runner from 2nd tries for 3rd, SAFE, no throw by CF
|
|
Batting: RHB Jason Sickman
|
0-0: Foul Ball, location: 2F 0-1: Swinging Strike 0-2: Ball 1-2: Ball 2-2: Ground out 4-3 (Groundball, 4, EV 90.6 MPH)
|
| Top of the 1st over - 1 run, 2 hits, 0 errors, 2 left on base; New York 1 - Philadelphia 0 |
| BOTTOM OF THE 1ST |
|
Philadelphia Phillies batting - Pitching for New York Mets : RHP Enrique Martinez
|
|
Pitching: RHP Enrique Martinez
|
|
|
Batting: RHB Andy Ramirez
|
0-0: Ball 1-0: Fly out, F7 (Flyball, 7, EV 87.5 MPH)
|
|
Batting: LHB Lou Whitaker
|
0-0: Ball 1-0: Called Strike 1-1: Ball 2-1: Ball 3-1: Ground out 3-1 (Groundball, 34, EV 101.9 MPH)
|
|
Batting: LHB Ken Phelps
|
0-0: Foul Ball, location: 2F 0-1: Ball 1-1: Swinging Strike 1-2: Hit by Pitch
|
|
Batting: RHB Candy Maldonado
|
0-0: Ball 1-0: Foul Ball, location: 2F 1-1: Ball 2-1: Fielders Choice at 2nd, U4 (Groundball, 4M, EV 103.1 MPH)
|
| Bottom of the 1st over - 0 runs, 0 hits, 0 errors, 1 left on base; New York 1 - Philadelphia 0 |
| TOP OF THE 2ND |
|
New York Mets batting - Pitching for Philadelphia Phillies : RHP Buzz Capra
|
|
Batting: RHB Dave Concepcion
|
0-0: Ball 1-0: Foul Ball, location: 2F 1-1: Foul Ball, location: 2F 1-2: Fly out, F6 (Popup, 6S, EV 71.9 MPH)
|
|
Batting: RHB Bill Almon
|
0-0: SINGLE (Groundball, 6MS, EV 69.4 MPH) (infield hit)
|
|
Batting: RHB Enrique Martinez
|
0-0: Sac Bunt to 2L - play at first, batter OUT! 2-4 Bill Almon to second
|
|
Batting: LHB Lyman Bostock
|
0-0: Foul Ball, location: 2F 0-1: Ball 1-1: Called Strike 1-2: Foul Ball, location: 2F 1-2: Foul Ball, location: 2F 1-2: Ball 2-2: SINGLE (Flyball, 56D, EV 85.6 MPH) Bill Almon to third Runner from 3rd tries for Home, SAFE, throw by LF to home
|
|
Batting: RHB Ray Knight
|
0-0: Called Strike 0-1: Called Strike 0-2: Strikes out swinging
|
| Top of the 2nd over - 1 run, 2 hits, 0 errors, 1 left on base; New York 2 - Philadelphia 0 |
| BOTTOM OF THE 2ND |
|
Philadelphia Phillies batting - Pitching for New York Mets : RHP Enrique Martinez
|
|
Batting: RHB Andre Dawson
|
0-0: SOLO HOME RUN (Flyball, 89XD, EV 95.6 MPH), Distance : 399 ft
|
|
Batting: LHB Cecil Cooper
|
0-0: Called Strike 0-1: Ball 1-1: Fly out, F8 (Flyball, 8LD, EV 98.8 MPH)
|
|
Batting: RHB Dan Thomas
|
0-0: Swinging Strike 0-1: Swinging Strike 0-2: Ball 1-2: Foul Ball, location: 2F 1-2: Foul Ball, location: 2F 1-2: Strikes out swinging
|
|
Batting: RHB Mike Diaz
|
0-0: Fly out, F9 (Line Drive, 9, EV 98.8 MPH)
|
| Bottom of the 2nd over - 1 run, 1 hit, 0 errors, 0 left on base; New York 2 - Philadelphia 1 |
| TOP OF THE 3RD |
|
New York Mets batting - Pitching for Philadelphia Phillies : RHP Buzz Capra
|
|
Batting: LHB John Kruk
|
0-0: Called Strike 0-1: Called Strike 0-2: Ball 1-2: Strikes out swinging
|
|
Batting: SHB Ken Singleton
|
0-0: Called Strike 0-1: Swinging Strike 0-2: Ball 1-2: Ground out 4-3 (Groundball, 4D, EV 106.3 MPH)
|
|
Batting: RHB Garry Maddox
|
0-0: Ball 1-0: Ball 2-0: Ball 3-0: Base on Balls
|
|
Batting: RHB Jason Sickman
|
0-0: Ball 1-0: Called Strike 1-1: Swinging Strike 1-2: Ball 2-2: Ball Garry Maddox steals 2nd base (no throw) 3-2: Fly out, F8 (Line Drive, 8LD, EV 88.1 MPH)
|
| Top of the 3rd over - 0 runs, 0 hits, 0 errors, 1 left on base; New York 2 - Philadelphia 1 |
| BOTTOM OF THE 3RD |
|
Philadelphia Phillies batting - Pitching for New York Mets : RHP Enrique Martinez
|
|
Batting: RHB Buzz Capra
|
0-0: Called Strike 0-1: Foul Ball, location: 2F 0-2: Ball 1-2: Strikes out looking
|
|
Batting: RHB Andy Ramirez
|
0-0: Fly out, F8 (Flyball, 8LD, EV 104.4 MPH)
|
|
Batting: LHB Lou Whitaker
|
0-0: Swinging Strike 0-1: SINGLE (Groundball, 6M, EV 91.9 MPH) (infield hit)
|
|
Batting: LHB Ken Phelps
|
0-0: Called Strike 0-1: Called Strike 0-2: Foul Ball, location: 2F 0-2: Foul Ball, location: 2F 0-2: Ball 1-2: Strikes out swinging
|
| Bottom of the 3rd over - 0 runs, 1 hit, 0 errors, 1 left on base; New York 2 - Philadelphia 1 |
| TOP OF THE 4TH |
|
New York Mets batting - Pitching for Philadelphia Phillies : RHP Buzz Capra
|
|
Batting: RHB Dave Concepcion
|
0-0: Ball 1-0: Ground out 6-3 (Groundball, 6S, EV 84.4 MPH)
|
|
Batting: RHB Bill Almon
|
0-0: Ball 1-0: Ground out 6-3 (Groundball, 6, EV 85.6 MPH)
|
|
Batting: RHB Enrique Martinez
|
0-0: Fly out, F7 (Flyball, 7S, EV 84.4 MPH)
|
| Top of the 4th over - 0 runs, 0 hits, 0 errors, 0 left on base; New York 2 - Philadelphia 1 |
| BOTTOM OF THE 4TH |
|
Philadelphia Phillies batting - Pitching for New York Mets : RHP Enrique Martinez
|
|
Batting: RHB Candy Maldonado
|
0-0: Ball 1-0: Ball 2-0: Called Strike 2-1: Foul Ball, location: 2F 2-2: Foul Ball, location: 2F 2-2: Strikes out swinging
|
|
Batting: RHB Andre Dawson
|
0-0: Ball 1-0: Foul Ball, location: 2F 1-1: Fly out, F9 (Flyball, 9LM, EV 91.9 MPH)
|
|
Batting: LHB Cecil Cooper
|
0-0: Called Strike 0-1: Swinging Strike 0-2: Strikes out swinging
|
| Bottom of the 4th over - 0 runs, 0 hits, 0 errors, 0 left on base; New York 2 - Philadelphia 1 |
| TOP OF THE 5TH |
|
New York Mets batting - Pitching for Philadelphia Phillies : RHP Buzz Capra
|
|
Batting: LHB Lyman Bostock
|
0-0: Ball 1-0: Called Strike 1-1: Ball 2-1: SINGLE (Groundball, 4MD, EV 98.1 MPH)
|
|
Batting: RHB Ray Knight
|
0-0: Ball 1-0: Foul Ball, location: 2F 1-1: Ball 2-1: Swinging Strike 2-2: Foul Ball, location: 2F 2-2: Strikes out swinging
|
|
Batting: LHB John Kruk
|
0-0: Called Strike 0-1: Ball 1-1: Swinging Strike 1-2: Foul Ball, location: 2F 1-2: Strikes out swinging Lyman Bostock steals 2nd base (no throw) Batter strikes out.
|
|
Batting: SHB Ken Singleton
|
0-0: Fly out, F7 (Flyball, 7LM, EV 90.0 MPH)
|
| Top of the 5th over - 0 runs, 1 hit, 0 errors, 1 left on base; New York 2 - Philadelphia 1 |
| BOTTOM OF THE 5TH |
|
Philadelphia Phillies batting - Pitching for New York Mets : RHP Enrique Martinez
|
|
Batting: RHB Dan Thomas
|
0-0: Ball 1-0: Ball 2-0: Fly out, F8 (Flyball, 89D, EV 103.1 MPH)
|
|
Batting: RHB Mike Diaz
|
0-0: Swinging Strike 0-1: Foul Ball, location: 2F 0-2: Strikes out swinging
|
|
Batting: RHB Buzz Capra
|
0-0: Foul Ball, location: 2F 0-1: Swinging Strike 0-2: Fly out, F8 (Flyball, 8RM, EV 97.5 MPH)
|
| Bottom of the 5th over - 0 runs, 0 hits, 0 errors, 0 left on base; New York 2 - Philadelphia 1 |
| TOP OF THE 6TH |
|
New York Mets batting - Pitching for Philadelphia Phillies : RHP Buzz Capra
|
|
Batting: RHB Garry Maddox
|
0-0: Foul Ball, location: 2F 0-1: SINGLE (Line Drive, 5D, EV 100.6 MPH)
|
|
Batting: RHB Jason Sickman
|
0-0: Swinging Strike 0-1: Grounds into double play, 5-4-3 (Groundball, 56S, EV 85.6 MPH)
|
|
Batting: RHB Dave Concepcion
|
0-0: Ball 1-0: Swinging Strike 1-1: Foul Ball, location: 2F 1-2: Ball 2-2: Fly out, F7 (Flyball, 7LD, EV 109.4 MPH)
|
| Top of the 6th over - 0 runs, 1 hit, 0 errors, 0 left on base; New York 2 - Philadelphia 1 |
| BOTTOM OF THE 6TH |
|
Philadelphia Phillies batting - Pitching for New York Mets : RHP Enrique Martinez
|
|
Batting: RHB Andy Ramirez
|
0-0: Swinging Strike 0-1: Ball 1-1: Ball 2-1: Ball 3-1: SINGLE (Flyball, 78S, EV 86.9 MPH)
|
|
Batting: LHB Lou Whitaker
|
0-0: SINGLE (Groundball, 25, EV 73.8 MPH) (infield hit) Andy Ramirez to second
|
|
Batting: LHB Ken Phelps
|
0-0: Ball 1-0: Called Strike 1-1: Swinging Strike 1-2: Strikes out looking
|
|
Batting: RHB Candy Maldonado
|
0-0: Ball 1-0: Called Strike Andy Ramirez steals 3rd base Lou Whitaker to second 1-1: Ball 2-1: Foul Ball, location: 2F 2-2: DOUBLE (Flyball, 8LXD, EV 106.9 MPH) Andy Ramirez scores Lou Whitaker scores
|
|
Batting: RHB Andre Dawson
|
0-0: Called Strike Candy Maldonado steals 3rd base 0-1: Swinging Strike 0-2: Hit by Pitch
|
|
Batting: LHB Cecil Cooper
|
0-0: Swinging Strike 0-1: Fielders Choice at 2nd, 4-6 (Groundball, 4, EV 83.1 MPH) Candy Maldonado scores
|
|
Batting: RHB Dan Thomas
|
0-0: Ball Cecil Cooper is caught stealing 2nd base 2-4
|
| Bottom of the 6th over - 3 runs, 3 hits, 0 errors, 0 left on base; New York 2 - Philadelphia 4 |
| TOP OF THE 7TH |
|
New York Mets batting - Pitching for Philadelphia Phillies : RHP Buzz Capra
|
|
Batting: RHB Bill Almon
|
0-0: Swinging Strike 0-1: Foul Ball, location: 2F 0-2: Foul Ball, location: 2F 0-2: Strikes out swinging
|
|
Batting: RHB Enrique Martinez
|
0-0: Called Strike 0-1: Ball 1-1: Called Strike 1-2: Strikes out looking
|
|
Batting: LHB Lyman Bostock
|
0-0: Fly out, F8 (Line Drive, 8RD, EV 101.3 MPH)
|
| Top of the 7th over - 0 runs, 0 hits, 0 errors, 0 left on base; New York 2 - Philadelphia 4 |
| BOTTOM OF THE 7TH |
|
Philadelphia Phillies batting - Pitching for New York Mets : RHP Enrique Martinez
|
|
Batting: RHB Dan Thomas
|
0-0: Called Strike 0-1: Ball 1-1: Foul Ball, location: 2F 1-2: Strikes out swinging
|
|
Batting: RHB Mike Diaz
|
0-0: Ground out U3 (Groundball, 23, EV 78.1 MPH)
|
|
Batting: RHB Buzz Capra
|
0-0: Ball 1-0: Swinging Strike 1-1: Ball 2-1: Ball 3-1: Base on Balls
|
|
Batting: RHB Andy Ramirez
|
0-0: Called Strike 0-1: SINGLE (Line Drive, 34D, EV 95.0 MPH) Buzz Capra to second Runner from 2nd tries for 3rd, SAFE, no throw by RF
|
|
Batting: LHB Lou Whitaker
|
0-0: Ground out 1-3 (Groundball, P, EV 75.6 MPH)
|
| Bottom of the 7th over - 0 runs, 1 hit, 0 errors, 2 left on base; New York 2 - Philadelphia 4 |
| TOP OF THE 8TH |
|
New York Mets batting - Pitching for Philadelphia Phillies : RHP Buzz Capra
|
|
Batting: RHB Ray Knight
|
0-0: Called Strike 0-1: Ball 1-1: Ball 2-1: Ball 3-1: Base on Balls
|
|
Batting: LHB John Kruk
|
0-0: Called Strike 0-1: Fly out, F8 (Line Drive, 8LM, EV 97.5 MPH)
|
|
Batting: SHB Ken Singleton
|
0-0: Ball 1-0: Ball 2-0: Foul Ball, location: 2F 2-1: Foul Ball, location: 2F 2-2: Foul Ball, location: 2F 2-2: Foul Ball, location: 2F 2-2: Foul Ball, location: 2F 2-2: Foul Ball, location: 2F 2-2: Foul Ball, location: 2F 2-2: SINGLE (Groundball, 34D, EV 100.0 MPH) Ray Knight to second Runner from 2nd tries for 3rd, SAFE, throw by RF made to third
|
|
Batting: RHB Garry Maddox
|
0-0: Ball 1-0: Called Strike 1-1: Fielders Choice at 2nd, 1-6 (Groundball, 13, EV 71.3 MPH)
|
|
Batting: RHB Jason Sickman
|
0-0: Ball 1-0: Ball 2-0: Ball 3-0: Called Strike 3-1: Foul Ball, location: 2F 3-2: Strikes out looking
|
| Top of the 8th over - 0 runs, 1 hit, 0 errors, 2 left on base; New York 2 - Philadelphia 4 |
| BOTTOM OF THE 8TH |
|
Philadelphia Phillies batting - Pitching for New York Mets : RHP Enrique Martinez
|
|
Batting: LHB Ken Phelps
|
0-0: Foul Ball, location: 2F 0-1: Foul Ball, location: 2F 0-2: Ball 1-2: Ground out 4-3 (Groundball, 34D, EV 95.0 MPH)
|
|
Batting: RHB Candy Maldonado
|
0-0: SINGLE (Groundball, 6MD, EV 94.4 MPH)
|
|
Batting: RHB Andre Dawson
|
0-0: Ball 1-0: Foul Ball, location: 2F 1-1: Ball 2-1: Ball 3-1: Grounds into double play, 4-6-3 (Groundball, 34D, EV 86.9 MPH)
|
| Bottom of the 8th over - 0 runs, 1 hit, 0 errors, 0 left on base; New York 2 - Philadelphia 4 |
| TOP OF THE 9TH |
|
New York Mets batting - Pitching for Philadelphia Phillies : RHP Buzz Capra
|
|
Batting: RHB Dave Concepcion
|
0-0: Foul Ball, location: 2F 0-1: Ball 1-1: Foul Ball, location: 2F 1-2: SINGLE (Flyball, 56D, EV 86.9 MPH)
|
|
Batting: RHB Bill Almon
|
0-0: Swinging Strike Passed Ball! Dave Concepcion to second 0-1: Called Strike 0-2: Ball 1-2: Ball 2-2: Strikes out swinging, 2-3 out at first.
|
|
Pinch Hitting: RHB Rick Burleson
|
0-0: Swinging Strike 0-1: Ball 1-1: Ball 2-1: Reached on error, E4 (Groundball, 4, EV 101.9 MPH) Dave Concepcion to third
|
|
Pitching: RHP Jim Kern
|
|
|
Batting: LHB Lyman Bostock
|
0-0: Ball 1-0: Swinging Strike 1-1: SINGLE (Groundball, 13, EV 85.0 MPH) (infield hit) Dave Concepcion scores Rick Burleson to second
|
|
Pinch Hitting: LHB Alamazoo White
|
0-0: Called Strike 0-1: Ball 1-1: Fly out, F8 (Flyball, 8LD, EV 100.0 MPH)
|
|
Batting: LHB John Kruk
|
0-0: Ball 1-0: Ball 2-0: Foul Ball, location: 2F 2-1: Ground out 4-3 (Groundball, 4, EV 77.5 MPH)
|
| Top of the 9th over - 1 run, 2 hits, 1 error, 2 left on base; New York 3 - Philadelphia 4 |
|